 Dungeon Sprint DCSS version 0.18-a0-1350-g404b4cb (webtiles) character file.

624 Kidiri the Covert (level 7, 0/36 HPs)
             Began as a Spriggan Enchanter on Feb 18, 2016.
             Slain by a boulder beetle (36 damage)
             ... in the Dungeon (Sprint II: "The Violet Keep of Menkaure").
             The game lasted 00:02:06 (595 turns).

Kidiri the Covert (Spriggan Enchanter)               Turns: 595, Time: 00:02:07

Health: 0/36       AC:  3    Str:  4    XL:     7   Next: 22%
Magic:  14/19      EV: 25    Int: 18    God:
Gold:   972        SH:  0    Dex: 17    Spells: 5 memorised, 10 levels left

rFire  . . .     SeeInvis +     a - +1 dagger
rCold  . . .     Gourm    .     b - +1 robe
rNeg   . . .     Faith    .     (shield restricted)
rPois  .         Spirit   .     (helmet restricted)
rElec  .         Dismiss  .     (no cloak)
rCorr  .         Reflect  .     (gloves unavailable)
SustAt .         Harm     .     (boots unavailable)
MR     +....     NoTele   +     (no amulet)
Stlth  +++++.....               (no ring)
                                (no ring)

@: very quick, somewhat resistant to hostile enchantments, quite stealthy
A: unfitting armour, see invisible, herbivore 3, speed 3, slow metabolism 2
a: no special abilities


You were in the Dungeon.
You were not hungry.

You visited 1 branch You collected 972 gold pieces.

Inventory:

Hand Weapons
 a - a +1 dagger (weapon)
Armour
 b - a +1 robe (worn)
Potions
 g - a potion of haste
 h - 2 potions of magic
Books
 c - a book of Maledictions

   Spells                             Type                      Level
   a - Corona                         Hexes                        1
   b - Ensorcelled Hibernation        Hexes/Ice                    2
   c - Confuse                        Hexes                        3
   d - Tukima's Dance                 Hexes                        3
   e - Dazzling Spray                 Conjuration/Hexes            3
Comestibles
 d - a bread ration


   Skills:
 + Level 3.2 Fighting
 * Level 7.1 Short Blades
 + Level 3.0 Armour
 * Level 9.4 Dodging
 * Level 10.5 Stealth
 * Level 8.2 Spellcasting
 + Level 2.5 Conjurations
 + Level 6.2 Hexes
 + Level 3.2 Ice Magic


You had 10 spell levels left.
You knew the following spells:

 Your Spells              Type           Power        Failure   Level  Hunger
a - Corona                Hex            ####...      1%          1    None
b - Ensorcelled Hibernat  Hex/Ice        ###...       1%          2    None
c - Confuse               Hex            ####....     2%          3    #......
d - Tukima's Dance        Hex            ####....     2%          3    #......
e - Dazzling Spray        Conj/Hex       ###.....     6%          3    #......


Dungeon Overview and Level Annotations

Branches:
Dungeon (1/1)

Altars:

Annotations:
D exclusion: obsidian statue


Innate Abilities, Weirdness & Mutations

You are tiny and cannot use many weapons and most armour.
You have supernaturally acute eyesight.
You are an herbivore.
You cover ground extremely quickly.
You need consume almost no food.


Message History

You now have 972 gold pieces (gained 243).
You start resting.
The walls and floor vibrate strangely for a moment.
You start resting.
Magic restored.
You open the door.
Casting: Confuse
Confirm with . or Enter, or press ? or * to list all spells.
Aiming: Confuse
Press: ? - help, Shift-Dir - straight line, f - boulder beetle
Aim: a boulder beetle (chance to defeat MR: 40%)
The boulder beetle resists with some effort.
Casting: Confuse
Confirm with . or Enter, or press ? or * to list all spells.
Aiming: Ensorcelled Hibernation
Press: ? - help, Shift-Dir - straight line, f/p - boulder beetle
Aim: a boulder beetle (chance to defeat MR: 36%)
The boulder beetle easily resists.
The boulder beetle bites you!!!
Ouch! That really hurt!
You die...

##.#.##
#..##%#
####..#####
##%###+###.##
#.%###.##...#
+##%+.<.+.#
#..###.##)..#
##.# #B###.##
####.#@####
#.B#.%#
##.#.## ##+##


You could see a boulder beetle.

Vanquished Creatures
  A boulder beetle (D)
  4 worker ants (D)
  3 worms (D)
8 creatures vanquished.

Vanquished Creatures (collateral kills)
  A siren (D)
1 creature vanquished.

Vanquished Creatures (others)
  Menkaure (D)
  A crocodile (D)
2 creatures vanquished.

Grand Total: 11 creatures vanquished

Notes
Turn   | Place    | Note
--------------------------------------------------------------
     0 | D        | Kidiri the Spriggan Enchanter began the quest for the Orb.
     0 | D        | Reached XP level 1. HP: 9/9 MP: 5/5
    18 | D        | Reached skill level 5 in Stealth
    46 | D        | Killed Menkaure
   103 | D        | Killed a crocodile
   194 | D        | Noticed an obsidian statue
   197 | D        | Reached XP level 2. HP: 14/14 MP: 5/7
   207 | D        | Learned a level 2 spell: Ensorcelled Hibernation
   229 | D        | Reached skill level 1 in Fighting
   229 | D        | Reached skill level 1 in Armour
   229 | D        | Reached XP level 3. HP: 18/18 MP: 5/9
   231 | D        | Reached skill level 5 in Dodging
   231 | D        | Reached skill level 6 in Stealth
   231 | D        | Reached skill level 1 in Ice Magic
   235 | D        | Reached skill level 5 in Spellcasting
   235 | D        | Reached XP level 4. HP: 20/22 MP: 3/12
   261 | D        | Learned a level 3 spell: Confuse
   265 | D        | Learned a level 3 spell: Tukima's Dance
   269 | D        | Learned a level 3 spell: Dazzling Spray
   271 | D        | Reached skill level 7 in Stealth
   305 | D        | Noticed a boulder beetle
   305 | D        | Noticed a boulder beetle
   308 | D        | Noticed a siren
   315 | D        | Killed a siren
   315 | D        | Reached skill level 8 in Dodging
   315 | D        | Reached skill level 9 in Stealth
   315 | D        | Reached skill level 5 in Hexes
   315 | D        | Reached XP level 5. HP: 24/28 MP: 3/16
   315 | D        | Reached XP level 6. HP: 27/32 MP: 3/17
   555 | D        | Killed a boulder beetle
   555 | D        | Reached skill level 10 in Stealth
   555 | D        | Reached XP level 7. HP: 36/36 MP: 13/19
   595 | D        | Slain by a boulder beetle

Vault maps used:
D:        the_violet_keep_of_menkaure

Action                   |  1- 3 |  4- 6 |  7- 9 || total
-------------------------+-------+-------+-------++-------
Melee: Dagger            |    14 |     9 |       ||    23
 Cast: Corona            |     2 |       |       ||     2
       Ensorcelled Hiber |     2 |     2 |     1 ||     5
       Confuse           |       |     3 |     1 ||     4
       Tukima's Dance    |       |     1 |       ||     1
       Dazzling Spray    |       |     1 |       ||     1
  Use: Potion            |     3 |       |       ||     3
       Scroll            |       |     1 |       ||     1
 Stab: Sleeping          |     4 |     3 |       ||     7
       Confused          |       |     2 |       ||     2
